cohdb
Replays
Latest Replays
All Replays
Popular Replays
Top Player Replays
Match Explorer
How It Works
Community
CoH3 Stats
Reddit
Sign in to upload your games and track your stats! →
Sign in with Steam
Match 46715799
Unlisted
Match 46715799
Overview
Messages
Build Orders
End
Construct Barracks
Riflemen Squad
Riflemen Squad
Grenade Package
Selects Advanced Infantry Battlegroup
Construct Weapon Support Center
Selects Convert to Ranger Squad
Mechanized Support Center
Convert to Ranger Squad
M1919 Machine Gun Team
Bazooka Squad
M3 Armored Personnel Carrier
Construct Medical Station
1⁄4-ton 4x4 Truck
Selects Frontline Medical Station
Designate Forward Repair Station
Improved M9 Bazooka Rockets
M3 Armored Personnel Carrier
Convert to Ranger Squad
Selects Ranger Weapon Training
Bazooka Squad
M1919 Machine Gun Team
Designate Forward Repair Station
Boneless
Tea Cup
BazookaJoe
THUNDER ⚔
Gonky
shadow 2 [FOXES]
0
0
Comments
sign in to comment!
No comments posted yet!